 Dungeon Crawl Stone Soup version 0.24-a0-189-g5d897e9104 (webtiles) character file.

Game seed: 7549003117254698220

833 MrRokkomies the Sneak (level 7, -1/45 HPs)
             Began as an Octopode Assassin on Mar 15, 2019.
             Was a Follower of Dithmenos.
             Killed by divine providence
             ... invoked by an orc priest
              (16 damage)
             ... on level 4 of the Dungeon on Mar 16, 2019.
             The game lasted 00:10:39 (2951 turns).

MrRokkomies the Sneak (Octopode Assassin)           Turns: 2951, Time: 00:10:40

Health: -1/45      AC:  1    Str: 11    XL:     7   Next: 98%
Magic:  7/7        EV: 16    Int: 13    God:    Dithmenos [*.....]
Gold:   188        SH:  0    Dex: 15    Spells: 6/6 levels left

rFire    + . .     SeeInvis .   a - +2 dagger
rCold    x . .     Gourm    .   (no shield)
rNeg     . . .     Faith    .   (helmet restricted)
rPois    .         Spirit   .   (no amulet)
rElec    .         Reflect  .   o - ring of fire
rCorr    .         Harm     .   (no ring)
MR       .....                  (no ring)
Stlth    +++++.....             (no ring)
HPRegen  0.15/turn              (no ring)
MPRegen  0.10/turn              (no ring)
                                (no ring)
                                (no ring)

@: wreathed by umbra, lightly drained
A: almost no armour, stealthy swim, amphibious, 8 rings, constrict 8, camouflage
1, gelatinous body 1
a: Renounce Religion


You were on level 4 of the Dungeon.
You worshipped Dithmenos.
Dithmenos was aware of your devotion.
You were not hungry.

You visited 1 branch of the dungeon, and saw 4 of its levels.

You collected 188 gold pieces.

Inventory:

Hand Weapons
 a - a +2 dagger (weapon)
 b - a +0 blowgun
Missiles
 c - 34 poisoned needles
 d - 2 curare-tipped needles
 j - 77 stones (quivered)
Jewellery
 o - a ring of fire (left tentacle)
Scrolls
 h - a scroll of amnesia
 n - 2 scrolls of identify
 p - a scroll of remove curse
 q - a scroll of noise {unknown}
Potions
 e - a potion of ambrosia {unknown}
 g - 2 potions of curing {unknown}
 i - a potion of might {unknown}
 k - a potion of mutation {unknown}
 l - a potion of degeneration {unknown}
 m - a potion of heal wounds {unknown}
 r - 3 potions of agility
Comestibles
 f - 6 rations


   Skills:
 - Level 2.0(1.7) Fighting
 - Level 2.0(1.7) Short Blades
 * Level 5.7(5.4) Throwing
 * Level 5.4(5.1) Dodging
 + Level 7.7(7.3) Stealth


You had 6 spell levels left.
You didn't know any spells.
Your spell library was empty.

Dungeon Overview and Level Annotations

Branches:
Dungeon (4/15)
 Temple: D:4-7

Altars:
Cheibriados
Dithmenos
Elyvilon
Makhleb
Trog
Vehumet

Shops:
D:4 %

Annotations:
D:3 Grinder


Innate Abilities, Weirdness & Mutations

You cannot wear most types of armour.
You are very stealthy in the water. (Stealth+)
You are amphibious.
You can wear up to eight rings at the same time.
You can use your tentacles to constrict eight enemies at once.
Your skin changes colour to match your surroundings (Stealth+).
Your rubbery body absorbs attacks. (AC +1, EV +1)


Message History

The orc priest hits you but does no damage.
You hit the orc priest but do no damage.
You squeeze the orc priest!
You kill the orc priest!
Dithmenos accepts your kill.
You hit the orc priest but do no damage.
You grab the orc priest. You constrict the orc priest. You hit the orc priest.
You squeeze the orc priest, but do no damage.
The orc priest is moderately wounded.
You constrict the orc priest. The orc priest barely misses you.
You hit the orc priest.
The orc priest is heavily wounded.
You constrict the orc priest. The orc priest closely misses you.
You hit the orc priest but do no damage.
The orc priest is heavily wounded.
You constrict the orc priest.
The orc priest mumbles some strange prayers to Beogh against you.
Beogh smites you!
You die...

##...## #.#
##+## #.# #.#
#.# #.# #.#
#.#
.##.########.#
......o@.....#
###.##########


You could see an orc priest.

Vanquished Creatures
  A black bear (D:3)
  3 ogres (D:4)
  A scorpion (D:4)
  A howler monkey (D:4)
  A hound (D:4)
  2 orc priests (D:4)
  5 orc wizards
  2 worker ants (D:4)
  Robin (D:4)
  An adder (D:3)
  3 worms
  3 dart slugs
  2 leopard geckos
  6 orcs
  A ball python (D:1)
  9 bats
  2 giant cockroaches (D:2)
  16 goblins
  14 hobgoblins
  5 kobolds
  3 quokkas
  10 rats
92 creatures vanquished.

Vanquished Creatures (others)
  4 toadstools (D:1)
4 creatures vanquished.

Grand Total: 96 creatures vanquished

Notes
Turn   | Place    | Note
-------+----------+-------------------------------------------
     0 | D:1      | MrRokkomies the Octopode Assassin began the quest for the
                  | Orb.
     0 | D:1      | Reached XP level 1. HP: 14/14 MP: 1/1
   168 | D:1      | Reached XP level 2. HP: 19/19 MP: 2/2
   535 | D:1      | Reached XP level 3. HP: 18/24 MP: 3/3
   851 | D:2      | Found a white marble altar of Elyvilon.
  1015 | D:2      | Found a radiant altar of Vehumet.
  1164 | D:2      | Found a burning altar of Makhleb.
  1211 | D:2      | Found a snail-covered altar of Cheibriados.
  1468 | D:3      | Noticed a black bear
  1482 | D:3      | Killed a black bear
  1482 | D:3      | Reached skill level 6 in Stealth
  1482 | D:3      | Reached XP level 4. HP: 27/29 MP: 4/4
  1482 | D:3      | Reached XP level 5. HP: 32/34 MP: 5/5
  1617 | D:3      | Noticed Grinder
  1659 | D:3      | Found a shadowy altar of Dithmenos.
  1667 | D:3      | Became a worshipper of Dithmenos the Shadowed
  1726 | D:3      | Found a bloodstained altar of Trog.
  1860 | D:4      | Reached XP level 6. HP: 39/39 MP: 6/6
  2126 | D:4      | Reached XP level 7. HP: 34/45 MP: 7/7
  2134 | D:4      | Reached skill level 7 in Stealth
  2369 | D:4      | Reached skill level 5 in Throwing
  2439 | D:4      | Noticed Robin
  2448 | D:4      | Reached * piety under Dithmenos
  2457 | D:4      | Killed Robin
  2552 | D:4      | Reached skill level 5 in Dodging
  2826 | D:4      | Found Vowayguibu's Food Emporium.
  2942 | D:4      | Upgraded the game from 0.24-a0-182-gc7eaa07895 to
                  | 0.24-a0-189-g5d897e9104
  2951 | D:4      | Killed from afar by an orc priest

Levels and vault maps discovered:
D:1:      ldierk_walled_garden_2, layout_basic
D:2:      layout_loops_cross, vehumet_crystals, minitemple, elyvilon_altar_5
D:3:      layout_rooms, grunt_dithmenos_smoke_and_mirrors,
          chequers_serial_rivers_micro_a, minmay_strange_pillars, bloody_trog,
          uniq_grinder
D:4:      layout_loops_corners, serial_shops, nicolae_shop_stone, first_ration,
          uniq_robin, uniq_pikel

Skill      XL: |  1  2  3  4  5  6  7 |
---------------+----------------------+-----
Dodging        | 3 4 5 |  5.4
Throwing       | 3 4 5 |  5.7
Stealth        | 6 7 |  7.7
Fighting       | |  2.0
Short Blades   | |  2.0

Action                   |  1- 3 |  4- 6 |  7- 9 || total
-------------------------+-------+-------+-------++-------
Melee: Dagger            |    71 |    55 |    61 ||   187
       Constrict         |    17 |    13 |    17 ||    47
       Tentacles         |     8 |    16 |    17 ||    41
 Fire: Blowgun           |     5 |    11 |    16 ||    32
Throw: Stone             |       |       |     6 ||     6
  Use: Scroll            |     6 |     2 |     1 ||     9
 Stab: Sleeping          |    19 |     3 |       ||    22
  Eat: Chunk             |     1 |     2 |     3 ||     6
Armor: Skin              |     2 |     4 |     3 ||     9
Dodge: Dodged            |    27 |    31 |    38 ||    96

Table legend:
 A = Non-vault XP
 B = Vault XP
 C = Vault XP percentage of total XP
 D = Non-vault monster count
 E = Vault monster count
 F = Vault count percentage of total count
                 A         B        C        D         E       F
            +---------+---------+-------+---------+---------+-------
      Total |    1153 |      37 |   3.1 |      80 |      12 |  13.0
            +---------+---------+-------+---------+---------+-------
        D:1 |      39 |       0 |   0.0 |      21 |       0 |   0.0
        D:2 |      28 |       0 |   0.0 |      17 |       0 |   0.0
        D:3 |     230 |       0 |   0.0 |      24 |       0 |   0.0
        D:4 |     856 |      37 |   4.1 |      18 |      12 |  40.0
            +---------+---------+-------+---------+---------+-------
